 Dungeon Crawl Stone Soup version 0.20.1-1-g8b1a95d (webtiles) character file.

346 Mesmaeker13 the Magician (level 6, -3/45 HPs)
             Began as a Draconian Wizard on Aug 13, 2017.
             Killed from afar by gobwax's ghost (18 damage)
             ... with a stone arrow
             ... on level 4 of the Dungeon.
             The game lasted 00:10:04 (4941 turns).

Mesmaeker13 the Magician (Draconian Wizard)         Turns: 4941, Time: 00:10:05

Health: -3/45      AC:  9    Str:  9    XL:     6   Next: 32%
Magic:  4/12       EV: 13    Int: 24    God:
Gold:   191        SH:  0    Dex: 13    Spells: 7/13 levels left

rFire    . . .     SeeInvis .   o - +0 dagger
rCold    . . .     Gourm    .   (no shield)
rNeg     . . .     Faith    .   (armour unavailable)
rPois    .         Spirit   .   a - +0 hat
rElec    .         Reflect  .   l - +0 cloak
rCorr    .         Harm     .   k - +0 pair of gloves
MR       .....                  x - +0 pair of boots of Oduybb {Int+3 Dex+4 Stlth+}
Stlth    +++.......             (no amulet)
Regen    0.2/turn               (no ring)
MPRegen  0.2/turn               (no ring)

@: no status effects
A: unfitting armour, cold-blooded, AC +6
a: no special abilities


You were on level 4 of the Dungeon.
You were not hungry.

You visited 1 branch of the dungeon, and saw 4 of its levels.

You collected 191 gold pieces.

Inventory:

Hand Weapons
 o - a +0 dagger (weapon)
 r - a +0 blowgun
Missiles
 s - 24 poisoned needles
Armour
 a - a +0 hat (worn)
 k - a +0 pair of gloves (worn)
 l - a +0 cloak (worn)
 x - the +0 pair of boots of Oduybb (worn) {Int+3 Dex+4 Stlth+}
   (You found it on level 4 of the Dungeon)

   It affects your intelligence (+3).
   It affects your dexterity (+4).
   It makes you more stealthy.
Scrolls
 e - 3 scrolls of remove curse
 j - 5 scrolls of teleportation
 m - a scroll of immolation
 n - a scroll of blinking
 p - a scroll of enchant armour {unknown}
 t - a scroll of fog {unknown}
 v - a scroll of enchant weapon {unknown}
Potions
 f - 2 potions of curing {unknown}
 g - a potion of agility
 w - a potion of cancellation {unknown}
Books
 b - a book of Minor Magic

   Spells                             Type                      Level
   a - Magic Dart                     Conjuration                  1
   b - Blink                          Translocation                2
   c - Call Imp                       Summoning                    2
   d - Slow                           Hexes                        2
   e - Conjure Flame                  Conjuration/Fire             3
   f - Mephitic Cloud                 Conjuration/Poison/Air       3
Comestibles
 c - 3 bread rations
 d - 3 chunks of flesh
 h - 7 fruits
 i - a royal jelly
 q - a meat ration


   Skills:
 + Level 3.3 Dodging
 - Level 1.7 Stealth
 - Level 4.1 Spellcasting
 + Level 3.4 Conjurations
 - Level 3.1 Summonings
   Level 1.0 Translocations
 + Level 0.2 Poison Magic


You had 7 spell levels left.
You knew the following spells:

 Your Spells              Type           Power        Failure   Level  Hunger
a - Magic Dart            Conj           ###.         2%          1    None
b - Call Imp              Summ           ###.....     4%          2    #......
c - Mephitic Cloud        Conj/Pois/Air  ##......     17%         3    ##.....


Dungeon Overview and Level Annotations

Branches:
Dungeon (4/15)
 Temple: D:4-7

Altars:

Annotations:
D:4 1 runed door, gobwax's ghost, novice OpEE


Innate Abilities, Weirdness & Mutations

Your plain brown scales are hard. (AC +6)
You cannot fit into any form of body armour.
You are cold-blooded and may be slowed by cold attacks.


Message History

Gobwax's ghost barely misses your crimson imp.
Your crimson imp barely misses gobwax's ghost.
Gobwax's ghost hits your crimson imp.
Your crimson imp hits gobwax's ghost.
Gobwax's ghost hits your crimson imp.
Your crimson imp hits gobwax's ghost.
Your crimson imp closely misses gobwax's ghost.
Gobwax's ghost casts a spell at your crimson imp.
The stone arrow hits your crimson imp.
Your crimson imp dies!
Your crimson imp hits gobwax's ghost.
Gobwax's ghost stares at your crimson imp and mumbles some strange words.
The stone arrow hits your crimson imp.
Your crimson imp dies!
There is a stone staircase leading down here.
Casting: Call Imp
Confirm with . or Enter, or press ? or * to list all spells.
A beastly little devil appears in a puff of flame.
Gobwax's ghost casts a spell at you. The stone arrow hits you!
You die...

#..................#............#
##.................#............#
##.................#......##...##
##...####..##......#......#######
##...####..##...W..'..##### ....
...........#......##### ....
...........#...5..##..# ######
##.....##..##.....#.... #...##
#########..##...@>+...# #.>.#.
..................#...######..)'.
..................#........'...#.
##..##.##########.##..##..#######
##..##.###.##..##.##..##..##..###
#.....................##..##...#.
'.....................#...#....#.
#.)...................#...#....#.
#...########..###.##..##..##...#.


You could see gobwax's ghost and a friendly crimson imp.

Vanquished Creatures
  A hound (D:4)
  Jessica (D:2)
  An orc wizard (D:3)
  A hound skeleton (D:4)
  5 adders
  An adder skeleton (D:4)
  A dart slug (D:3)
  2 leopard geckos
  4 orcs
  8 bats
  4 giant cockroaches
  7 goblins
  11 hobgoblins
  7 jackals
  A quokka (D:4)
  2 ball pythons
  4 frilled lizards
  5 kobolds
  A quokka skeleton (D:4)
  5 rats
72 creatures vanquished.

Vanquished Creatures (collateral kills)
  An ogre (D:4)
  A howler monkey (D:4)
  An orc wizard (D:3)
  An orc priest (D:3)
  3 gnolls (D:4)
  An adder (D:2)
  2 worms
  A leopard gecko (D:2)
  5 orcs
  2 giant cockroaches
  2 jackals (D:4)
  A quokka (D:3)
  A goblin (D:2)
  A kobold (D:3)
23 creatures vanquished.

Grand Total: 95 creatures vanquished

Notes
Turn   | Place    | Note
-------+----------+-------------------------------------------
     0 | D:1      | Mesmaeker13 the Draconian Wizard began the quest for the Orb.
     0 | D:1      | Reached XP level 1. HP: 14/14 MP: 4/4
   469 | D:1      | Reached XP level 2. HP: 20/20 MP: 1/6
  1430 | D:2      | Learned a level 2 spell: Call Imp
  1683 | D:2      | Noticed Jessica
  1691 | D:2      | Reached XP level 3. HP: 26/26 MP: 6/8
  1710 | D:2      | Killed Jessica
  2163 | D:2      | Reached XP level 4. HP: 33/33 MP: 2/9
  2934 | D:3      | Learned a level 3 spell: Mephitic Cloud
  3008 | D:3      | Reached skill level 4 in Spellcasting
  3194 | D:3      | Reached XP level 5. HP: 36/38 MP: 2/11
  4250 | D:4      | Found a runed door.
  4366 | D:4      | Reached XP level 6. HP: 45/45 MP: 2/12
  4377 | D:4      | Got a pair of heavily runed boots
  4388 | D:4      | Identified the +0 pair of boots of Oduybb {Int+3 Dex+4 Stlth+} (You found it on level 4 of the Dungeon)
  4919 | D:4      | Noticed gobwax's ghost (novice OpEE)
  4941 | D:4      | Killed from afar by gobwax's ghost

Skill      XL: |  1  2  3  4  5  6 |
---------------+-------------------+-----
Dodging        | 2 3 |  3.3
Conjurations   | 2 3 |  3.4
Spellcasting   | 4 |  4.1
Summonings     | 2 3 |  3.1
Stealth        | |  1.7
Translocations | |  1.0
Poison Magic   | |  0.2

Action                   |  1- 3 |  4- 6 || total
-------------------------+-------+-------++-------
Melee: Club              |    60 |       ||    60
       Dagger            |    30 |   131 ||   161
       Tailslap          |     2 |    12 ||    14
 Cast: Magic Dart        |    51 |    74 ||   125
       Call Imp          |     5 |    28 ||    33
  Use: Scroll            |     2 |     2 ||     4
       Potion            |       |     2 ||     2
 Stab: Sleeping          |       |     2 ||     2
       Distracted        |       |     1 ||     1
  Eat: Chunk             |     4 |     9 ||    13
Armor: Skin              |    47 |    74 ||   121
Dodge: Dodged            |    73 |    92 ||   165
